 Dungeon Crawl Stone Soup version bcrawl-1.41.1 (webtiles) character file.

Game seed: 11195846970810036859

166510 Yshiel the Chiller (level 4, -4/32 HPs)
             Began as a Gnoll Ice Elementalist on Apr 24, 2024.
             Slain by a phantom (8 damage)
             ... on level 2 of the Dungeon.
             The game lasted 00:11:00 (1350 turns).

Yshiel the Chiller (Gnoll Ice Elementalist)         Turns: 1350, Time: 00:11:01

Health: -4/32      AC:  4    Str: 10    XL:     4   Next: 65%
Magic:  11/11      EV: 14    Int: 18    God:
Gold:   148        SH:  0    Dex: 16    Spells: 12/13 levels left

rFire    + . .     GDR:     29% g - +0 dagger
rCold    . . .     SeeInvis .   (no shield)
rNeg     . . .     Gourm    .   l - +0 leather armour {rF+}
rPois    .         Faith    .   (no helmet)
rElec    .         Spirit   .   p - +0 cloak
rCorr    .         Reflect  .   (no gloves)
MR       .....                  (no boots)
Stlth    +++++.....             (no amulet)
HPRegen  0.15/turn              n - ring of stealth
MPRegen  0.12/turn              (no ring)

@: berserk cooldown
A: distributed training, fangs 1, strong nose
a: no special abilities


You were on level 2 of the Dungeon.
You were very hungry.

You visited 1 branch of the dungeon, and saw 2 of its levels.

You collected 148 gold pieces.

Inventory:

Hand Weapons
 g - a +0 dagger (weapon)
Missiles
 b - 122 stones (quivered)
 r - 194 sling bullets
Armour
 l - a +0 leather armour of fire resistance (worn)
 p - a +0 cloak (worn)
Jewellery
 n - a ring of stealth (left hand)
Wands
 c - a wand of iceblast (1)
Scrolls
 a - a scroll of remove curse {unknown}
 f - a scroll of blinking {unknown}
 h - a scroll of amnesia {unknown}
 j - a scroll of noise {unknown}
 q - a scroll of revelation {unknown}
Potions
 i - a potion of resistance {unknown}
 k - a potion of berserk rage
 m - a potion of curing {unknown}
 o - 2 potions of brilliance {unknown}
Comestibles
 e - 5 rations {!d}


   Skills:
 + Level 1.2 Fighting
 + Level 1.2 Short Blades
 + Level 1.2 Long Blades
 + Level 1.2 Axes
 + Level 1.2 Maces & Flails
 + Level 1.2 Polearms
 + Level 1.2 Staves
 + Level 1.2 Slings
 + Level 1.2 Bows
 + Level 1.2 Crossbows
 + Level 1.2 Throwing
 + Level 1.2 Armour
 + Level 4.6 Dodging
 + Level 4.6 Stealth
 + Level 1.2 Shields
 + Level 1.2 Unarmed Combat
 + Level 5.1 Spellcasting
 + Level 2.2 Conjurations
 + Level 1.0 Hexes
 + Level 1.0 Charms
 + Level 1.0 Summonings
 + Level 1.0 Necromancy
 + Level 1.0 Translocations
 + Level 1.0 Transmutations
 + Level 1.0 Fire Magic
 + Level 5.5 Ice Magic
 + Level 1.0 Air Magic
 + Level 1.0 Earth Magic
 + Level 1.0 Poison Magic
 + Level 1.3 Invocations
 + Level 1.2 Evocations


You had 12 spell levels left.
You knew the following spells:

 Your Spells              Type           Power        Failure   Level  Hunger
a - Freeze                Ice            ###...       1%          1    None

Your spell library contained the following spells:

 Spells                   Type           Power        Failure   Level  Hunger
 Throw Frost              Conj/Ice       ###...       2%          2    None
 Ozocubu's Armour         Chrm/Ice       ###.....     14%         3    ###....
 Throw Icicle             Conj/Ice       ###.....     34%         4    #####..
 Ice Form                 Ice/Tmut       ###.....     41%         4    #####..
 Summon Ice Beast         Ice/Summ       ###.....     41%         4    #####..


Dungeon Overview and Level Annotations

Branches:
Dungeon (2/12)

Altars:


Innate Abilities, Weirdness & Mutations

Your experience applies equally to all skills.
You have very sharp teeth.
Your uncanny sense of smell can sniff out nearby items.


Message History

You miss the phantom.
The phantom is severely damaged.
The phantom blinks!
You are feeling very hungry.
The phantom blinks! x2
The phantom blinks!
You hit the phantom but do no damage.
The phantom is heavily damaged.
The phantom hits you.
* * * LOW HITPOINT WARNING * * *
The phantom blinks!
You closely miss the phantom.
The phantom is heavily damaged.
You feel yourself speed up. The phantom barely misses you.
The phantom hits you.
* * * LOW HITPOINT WARNING * * *
You hit the phantom.
The phantom is heavily damaged.
The phantom hits you!
You die...

#.# #.# #.# #.#
#.# #.# ### #.#
#.. ... #.#
####.# #.#
#...#### #W#
#...... #.#
##.......
#.###@#...####.
#...W###.......
#######.#..#
#....W...#.#
#.########.#
#.# #.# #.# #.#
#.# #####†#####
#.# #...†.....#


You could see a phantom.

Vanquished Creatures
  Crazy Yiuf (D:2)
  2 oozes
  An adder skeleton (D:2)
  3 dart slugs (D:1)
  5 leopard geckos
  A ball python (D:1)
  2 giant cockroaches (D:1)
  3 goblins (D:1)
  6 hobgoblins (D:1)
  2 jackals
  2 quokkas
  5 bats
  2 frilled lizards
  4 kobolds (D:1)
  4 rats
43 creatures vanquished.

Notes
Turn   | Place    | Note
-------+----------+-------------------------------------------
     0 | D:1      | Yshiel the Gnoll Ice Elementalist began the quest for the
                  | Orb.
     0 | D:1      | Reached XP level 1. HP: 13/13 MP: 6/6
   119 | D:1      | Reached XP level 2. HP: 19/19 MP: 7/7
   445 | D:1      | Reached XP level 3. HP: 25/25 MP: 9/9
   494 | D:1      | Reached skill level 5 in Spellcasting
   634 | D:1      | Reached skill level 1 in Invocations
   904 | D:2      | Found a runed door.
   908 | D:2      | Noticed Crazy Yiuf
   912 | D:2      | Killed Crazy Yiuf
   913 | D:2      | Reached skill level 1 in Fighting
   913 | D:2      | Reached skill level 1 in Short Blades
   913 | D:2      | Reached skill level 1 in Long Blades
   913 | D:2      | Reached skill level 1 in Axes
   913 | D:2      | Reached skill level 1 in Maces & Flails
   913 | D:2      | Reached skill level 1 in Polearms
   913 | D:2      | Reached skill level 1 in Staves
   913 | D:2      | Reached skill level 1 in Slings
   913 | D:2      | Reached skill level 1 in Bows
   913 | D:2      | Reached skill level 1 in Crossbows
   913 | D:2      | Reached skill level 1 in Throwing
   913 | D:2      | Reached skill level 1 in Armour
   913 | D:2      | Reached skill level 1 in Shields
   913 | D:2      | Reached skill level 1 in Unarmed Combat
   913 | D:2      | Reached skill level 1 in Evocations
   913 | D:2      | Reached XP level 4. HP: 10/32 MP: 7/11
  1211 | D:2      | Reached skill level 1 in Hexes
  1211 | D:2      | Reached skill level 1 in Charms
  1211 | D:2      | Reached skill level 1 in Summonings
  1211 | D:2      | Reached skill level 1 in Necromancy
  1211 | D:2      | Reached skill level 1 in Translocations
  1211 | D:2      | Reached skill level 1 in Transmutations
  1211 | D:2      | Reached skill level 1 in Fire Magic
  1211 | D:2      | Reached skill level 1 in Air Magic
  1211 | D:2      | Reached skill level 1 in Earth Magic
  1211 | D:2      | Reached skill level 1 in Poison Magic
  1265 | D:2      | Noticed a phantom
  1350 | D:2      | Slain by a phantom

Skill      XL: |  1  2  3  4 |
---------------+-------------+-----
Conjurations   | 2 |  2.2
Spellcasting   | 5 |  5.1
Invocations    | 1 |  1.3
Fighting       | 1 |  1.2
Short Blades   | 1 |  1.2
Long Blades    | 1 |  1.2
Axes           | 1 |  1.2
Maces & Flails | 1 |  1.2
Polearms       | 1 |  1.2
Staves         | 1 |  1.2
Slings         | 1 |  1.2
Bows           | 1 |  1.2
Crossbows      | 1 |  1.2
Throwing       | 1 |  1.2
Armour         | 1 |  1.2
Shields        | 1 |  1.2
Unarmed Combat | 1 |  1.2
Evocations     | 1 |  1.2
Hexes          | 1 |  1.0
Charms         | 1 |  1.0
Summonings     | 1 |  1.0
Necromancy     | 1 |  1.0
Translocations | 1 |  1.0
Transmutations | 1 |  1.0
Fire Magic     | 1 |  1.0
Air Magic      | 1 |  1.0
Earth Magic    | 1 |  1.0
Poison Magic   | 1 |  1.0
Dodging        | |  4.6
Stealth        | |  4.6
Ice Magic      | |  5.5

Action                   |  1- 3 |  4- 6 || total
-------------------------+-------+-------++-------
Melee: Dagger            |    34 |    39 ||    73
       Bite              |     4 |     3 ||     7
 Cast: Freeze            |    32 |     5 ||    37
  Use: Potion            |       |     1 ||     1
 Stab: Sleeping          |    11 |     6 ||    17
  Eat: Chunk             |     1 |     1 ||     2
Armor: Robe              |     2 |       ||     2
       Leather armour    |     2 |     5 ||     7
Dodge: Dodged            |    31 |    14 ||    45
